XFBL
PHILADELPHIA PHILLIES @ CINCINNATI REDS
08/22/1982
 
TOP OF THE 1ST
Philadelphia Phillies batting - Pitching for Cincinnati Reds : RHP Tony Guzman
Pitching: RHP Tony Guzman
Batting: RHB Paul Molitor 0-0: Foul Ball, location: 2F
0-1: Called Strike
0-2: Ball
1-2: Ball
2-2: Ball
3-2: Ground out 5-3 (Groundball, 5, EV 89.4 MPH)
Batting: RHB Andy Ramirez 0-0: Ball
1-0: SINGLE (Groundball, 56D, EV 104.4 MPH)
Batting: LHB Tony Gwynn 0-0: Ball
1-0: Fly out, F7 (Flyball, 7LD, EV 95.0 MPH)
Batting: RHB Candy Maldonado 0-0: Called Strike
0-1: DOUBLE (Line Drive, 9LM, EV 95.0 MPH)
Andy Ramirez to third
Runner from 3rd tries for Home, SAFE, no throw by RF
Batting: LHB Ken Phelps 0-0: Swinging Strike
0-1: Ball
1-1: Fly out, F8 (Line Drive, 8RM, EV 90.6 MPH)
Top of the 1st over - 1 run, 2 hits, 0 errors, 1 left on base; Philadelphia 1 - Cincinnati 0
BOTTOM OF THE 1ST
Cincinnati Reds batting - Pitching for Philadelphia Phillies : RHP Buzz Capra
Pitching: RHP Buzz Capra
Batting: RHB Gary Matthews 0-0: Foul Ball, location: 2F
0-1: Ball
1-1: Foul Ball, location: 2F
1-2: Ball
2-2: Foul Ball, location: 2F
2-2: Ball
3-2: Fly out, F7 (Flyball, 7LM, EV 93.8 MPH)
Batting: LHB Joseph Talley 0-0: Swinging Strike
0-1: Ball
1-1: Ball
2-1: Ball
3-1: Foul Ball, location: 2F
3-2: SOLO HOME RUN (Flyball, 9LD, EV 101.3 MPH), Distance : 359 ft
Batting: LHB Mike Easler 0-0: Foul Ball, location: 2F
0-1: Ball
1-1: Ball
2-1: Foul Ball, location: 2F
2-2: Foul Ball, location: 2F
2-2: Fly out, F4 (Popup, 4, EV 80.0 MPH)
Batting: LHB Darrell Evans 0-0: Ball
1-0: Ball
2-0: Called Strike
2-1: Ball
3-1: Base on Balls
Batting: RHB Johnny Bench 0-0: Called Strike
0-1: Swinging Strike
0-2: Ball
1-2: Strikes out swinging
Bottom of the 1st over - 1 run, 1 hit, 0 errors, 1 left on base; Philadelphia 1 - Cincinnati 1
TOP OF THE 2ND
Philadelphia Phillies batting - Pitching for Cincinnati Reds : RHP Tony Guzman
Batting: RHB Jody Davis 0-0: Swinging Strike
0-1: Foul Ball, location: 2F
0-2: Ball
1-2: Ball
2-2: Ball
3-2: Strikes out swinging
Batting: LHB Andy Guerrero 0-0: Called Strike
0-1: Ball
1-1: Foul Ball, location: 2F
1-2: Strikes out looking
Batting: LHB Lou Whitaker 0-0: Ball
1-0: Ball
2-0: Ground out 4-3 (Groundball, 34D, EV 105.0 MPH)
Top of the 2nd over - 0 runs, 0 hits, 0 errors, 0 left on base; Philadelphia 1 - Cincinnati 1
BOTTOM OF THE 2ND
Cincinnati Reds batting - Pitching for Philadelphia Phillies : RHP Buzz Capra
Batting: RHB Jim Anderson 0-0: Called Strike
0-1: Foul Ball, location: 2F
0-2: Strikes out swinging
Batting: RHB Jesus Alfaro 0-0: Called Strike
0-1: Foul Ball, location: 2F
0-2: Ball
1-2: SINGLE (Line Drive, 34D, EV 110.6 MPH)
Batting: RHB Ramon Borrero 0-0: Grounds into double play, 4-6-3 (Groundball, 4, EV 81.9 MPH)
Bottom of the 2nd over - 0 runs, 1 hit, 0 errors, 0 left on base; Philadelphia 1 - Cincinnati 1
TOP OF THE 3RD
Philadelphia Phillies batting - Pitching for Cincinnati Reds : RHP Tony Guzman
Batting: RHB Buzz Capra 0-0: Ball
1-0: Ball
2-0: Called Strike
2-1: Foul Ball, location: 2F
2-2: Strikes out swinging
Batting: RHB Paul Molitor 0-0: Called Strike
0-1: Ball
1-1: Ball
2-1: Ball
3-1: Fly out, F8 (Line Drive, 8LM, EV 85.6 MPH)
Batting: RHB Andy Ramirez 0-0: Ground out 4-3 (Groundball, 4, EV 83.8 MPH)
Top of the 3rd over - 0 runs, 0 hits, 0 errors, 0 left on base; Philadelphia 1 - Cincinnati 1
BOTTOM OF THE 3RD
Cincinnati Reds batting - Pitching for Philadelphia Phillies : RHP Buzz Capra
Batting: RHB Tony Guzman 0-0: Called Strike
0-1: Foul Ball, location: 2F
0-2: Ball
1-2: Strikes out swinging
Batting: RHB Gary Matthews 0-0: Ball
1-0: Called Strike
1-1: Ball
2-1: Fly out, F6 (Line Drive, 6, EV 68.1 MPH)
Batting: LHB Joseph Talley 0-0: Foul Ball, location: 2F
0-1: Ball
1-1: Ground out U3 (Groundball, 3, EV 78.1 MPH)
Bottom of the 3rd over - 0 runs, 0 hits, 0 errors, 0 left on base; Philadelphia 1 - Cincinnati 1
TOP OF THE 4TH
Philadelphia Phillies batting - Pitching for Cincinnati Reds : RHP Tony Guzman
Batting: LHB Tony Gwynn 0-0: Ball
1-0: Ball
2-0: Foul Ball, location: 2F
2-1: Ball
3-1: Ground out 4-3 (Groundball, 4, EV 84.4 MPH)
Batting: RHB Candy Maldonado 0-0: Ball
1-0: Called Strike
1-1: Called Strike
1-2: Ground out 5-3 (Groundball, 56, EV 82.5 MPH)
Batting: LHB Ken Phelps 0-0: Ball
1-0: Foul Ball, location: 2F
1-1: Called Strike
1-2: Foul Ball, location: 2F
1-2: SOLO HOME RUN (Flyball, 78XD, EV 98.8 MPH), Distance : 436 ft
Batting: RHB Jody Davis 0-0: Foul Ball, location: 2F
0-1: Foul Ball, location: 2F
0-2: Ball
1-2: Strikes out swinging
Top of the 4th over - 1 run, 1 hit, 0 errors, 0 left on base; Philadelphia 2 - Cincinnati 1
BOTTOM OF THE 4TH
Cincinnati Reds batting - Pitching for Philadelphia Phillies : RHP Buzz Capra
Batting: LHB Mike Easler 0-0: Swinging Strike
0-1: Swinging Strike
0-2: Foul Ball, location: 2F
0-2: Fly out, F8 (Flyball, 8RXD, EV 95.0 MPH)
Batting: LHB Darrell Evans 0-0: Called Strike
0-1: Ball
1-1: Swinging Strike
1-2: Ground out 3-1 (Groundball, 34, EV 81.9 MPH)
Batting: RHB Johnny Bench 0-0: Called Strike
0-1: Ground out 6-3 (Groundball, 6, EV 105.0 MPH)
Bottom of the 4th over - 0 runs, 0 hits, 0 errors, 0 left on base; Philadelphia 2 - Cincinnati 1
TOP OF THE 5TH
Philadelphia Phillies batting - Pitching for Cincinnati Reds : RHP Tony Guzman
Batting: LHB Andy Guerrero 0-0: Foul Ball, location: 2F
0-1: Foul Ball, location: 2F
0-2: Strikes out swinging
Batting: LHB Lou Whitaker 0-0: Called Strike
0-1: Ball
1-1: Ball
2-1: Ball
3-1: Swinging Strike
3-2: Base on Balls
Batting: RHB Buzz Capra 0-0: Called Strike
Lou Whitaker steals 2nd base (no throw)
0-1: Ball
1-1: Ball
Lou Whitaker is caught stealing 3rd base 2-5
2-1: Swinging Strike
2-2: Strikes out looking
Top of the 5th over - 0 runs, 0 hits, 0 errors, 0 left on base; Philadelphia 2 - Cincinnati 1
BOTTOM OF THE 5TH
Cincinnati Reds batting - Pitching for Philadelphia Phillies : RHP Buzz Capra
Batting: RHB Jim Anderson 0-0: Fly out, F8 (Flyball, 78XD, EV 93.8 MPH)
Batting: RHB Jesus Alfaro 0-0: Ball
1-0: Swinging Strike
1-1: Called Strike
1-2: Foul Ball, location: 2F
1-2: Foul Ball, location: 2F
1-2: Strikes out swinging
Batting: RHB Ramon Borrero 0-0: Ground out 3-1 (Groundball, 34, EV 86.9 MPH)
Bottom of the 5th over - 0 runs, 0 hits, 0 errors, 0 left on base; Philadelphia 2 - Cincinnati 1
TOP OF THE 6TH
Philadelphia Phillies batting - Pitching for Cincinnati Reds : RHP Tony Guzman
Batting: RHB Paul Molitor 0-0: Foul Ball, location: 2F
0-1: Ground out 2-3 (Groundball, 2L, EV 69.4 MPH)
Batting: RHB Andy Ramirez 0-0: Called Strike
0-1: Swinging Strike
0-2: Ball
1-2: Ball
2-2: Ball
3-2: Fly out, F9 (Line Drive, 9, EV 90.0 MPH)
Batting: LHB Tony Gwynn 0-0: Called Strike
0-1: Ball
1-1: Ball
2-1: Called Strike
2-2: Ground out 4-3 (Groundball, 4D, EV 104.4 MPH)
Top of the 6th over - 0 runs, 0 hits, 0 errors, 0 left on base; Philadelphia 2 - Cincinnati 1
BOTTOM OF THE 6TH
Cincinnati Reds batting - Pitching for Philadelphia Phillies : RHP Buzz Capra
Batting: RHB Tony Guzman 0-0: Ball
1-0: Foul Ball, location: 2F
1-1: Foul Ball, location: 2F
1-2: Ball
2-2: Foul Ball, location: 2F
2-2: Strikes out looking
Batting: RHB Gary Matthews 0-0: Called Strike
0-1: Ball
1-1: Ground out 5-3 (Groundball, 56, EV 93.1 MPH)
Batting: LHB Joseph Talley 0-0: SINGLE (Groundball, 56S, EV 68.1 MPH) (infield hit)
Batting: LHB Mike Easler 0-0: Swinging Strike
0-1: Called Strike
0-2: Ball
1-2: Strikes out swinging
Bottom of the 6th over - 0 runs, 1 hit, 0 errors, 1 left on base; Philadelphia 2 - Cincinnati 1
TOP OF THE 7TH
Philadelphia Phillies batting - Pitching for Cincinnati Reds : RHP Tony Guzman
Batting: RHB Candy Maldonado 0-0: Ball
1-0: Called Strike
1-1: Foul Ball, location: 2F
1-2: Ball
2-2: Strikes out swinging
Batting: LHB Ken Phelps 0-0: Foul Ball, location: 2F
0-1: Foul Ball, location: 2F
0-2: Ball
1-2: Ball
2-2: Foul Ball, location: 2F
2-2: SINGLE (Flyball, 8LS, EV 88.1 MPH)
Batting: RHB Jody Davis Pickoff Throw to First - Out! 1-3
0-0: Ball
1-0: Ball
2-0: Foul Ball, location: 2F
2-1: Ball
3-1: Ground out 1-3 (Groundball, 34S, EV 65.6 MPH)
Top of the 7th over - 0 runs, 1 hit, 0 errors, 0 left on base; Philadelphia 2 - Cincinnati 1
BOTTOM OF THE 7TH
Cincinnati Reds batting - Pitching for Philadelphia Phillies : RHP Buzz Capra
Batting: LHB Darrell Evans 0-0: Ball
1-0: Ball
2-0: Called Strike
2-1: Foul Ball, location: 2F
2-2: Foul Ball, location: 2F
2-2: Strikes out swinging
Batting: RHB Johnny Bench 0-0: Ball
1-0: Swinging Strike
1-1: Ball
2-1: SINGLE (Groundball, 56D, EV 98.1 MPH)
Pitching: RHP Tom Hume
Now at C: Tony Pena
Pinch Hitting: LHB Jim Bennett 0-0: Ball
1-0: Ball
2-0: Called Strike
2-1: Called Strike
2-2: Foul Ball, location: 2F
2-2: Foul Ball, location: 2F
2-2: Foul Ball, location: 2F
2-2: Fielders Choice at 2nd, 3-6 (Groundball, 3S, EV 87.5 MPH)
Batting: RHB Jesus Alfaro 0-0: Called Strike
0-1: Ball
1-1: Called Strike
1-2: Foul Ball, location: 2F
1-2: Ball
2-2: Ball
3-2: SINGLE (Groundball, 34D, EV 98.8 MPH)
Jim Bennett to second
Jim Bennett to third
Batting: RHB Ramon Borrero 0-0: Fielders Choice at 2nd, U6 (Groundball, 6M, EV 103.1 MPH)
Bottom of the 7th over - 0 runs, 2 hits, 0 errors, 2 left on base; Philadelphia 2 - Cincinnati 1
TOP OF THE 8TH
Philadelphia Phillies batting - Pitching for Cincinnati Reds : RHP Tony Guzman
Now at 2B: John Damon
Batting: LHB Andy Guerrero 0-0: Called Strike
0-1: Called Strike
0-2: Ball
1-2: Strikes out looking
Batting: LHB Lou Whitaker 0-0: Swinging Strike
0-1: Ball
1-1: TRIPLE (Flyball, 89XD, EV 106.3 MPH)
Batting: RHB Tony Pena 0-0: Called Strike
0-1: Foul Ball, location: 2F
0-2: Strikes out swinging
Batting: RHB Paul Molitor 0-0: Intentional Walk
Batting: RHB Andy Ramirez 0-0: Ball
1-0: Ball
2-0: Fielders Choice at 2nd, 6-4 (Groundball, 6, EV 105.6 MPH)
Top of the 8th over - 0 runs, 1 hit, 0 errors, 2 left on base; Philadelphia 2 - Cincinnati 1
BOTTOM OF THE 8TH
Cincinnati Reds batting - Pitching for Philadelphia Phillies : RHP Tom Hume
Batting: RHB Tony Guzman 0-0: Foul Ball, location: 2F
0-1: Ball
1-1: Ball
2-1: Ball
3-1: Base on Balls
Batting: RHB Gary Matthews 0-0: Called Strike
0-1: Swinging Strike
0-2: Foul Ball, location: 2F
0-2: Foul Ball, location: 2F
0-2: Ball
1-2: Ball
2-2: Foul Ball, location: 2F
2-2: Foul Ball, location: 2F
2-2: Foul Ball, location: 2F
2-2: Fly out, F8 (Flyball, 8LM, EV 93.8 MPH)
Pitching: LHP Lawrence Burgess
Pinch Hitting: RHB Marco Mosquera 0-0: Called Strike
0-1: Called Strike
0-2: Strikes out swinging
Batting: LHB Mike Easler 0-0: Foul Ball, location: 2F
0-1: Fly out, F7 (Line Drive, 7, EV 90.6 MPH)
Bottom of the 8th over - 0 runs, 0 hits, 0 errors, 1 left on base; Philadelphia 2 - Cincinnati 1
TOP OF THE 9TH
Philadelphia Phillies batting - Pitching for Cincinnati Reds : RHP Tony Guzman
Now in LF: Nick Deurloo
Batting: LHB Tony Gwynn 0-0: Foul Ball, location: 2F
0-1: Foul Ball, location: 2F
0-2: Ball
1-2: Ground out 1-3 (Groundball, 13S, EV 67.5 MPH)
Batting: RHB Candy Maldonado 0-0: Ground out 6-3 (Groundball, 6, EV 86.3 MPH)
Batting: LHB Ken Phelps 0-0: Ball
1-0: Ball
2-0: Called Strike
2-1: Foul Ball, location: 2F
2-2: Ball
3-2: Fly out, F8 (Line Drive, 8LD, EV 105.0 MPH)
Top of the 9th over - 0 runs, 0 hits, 0 errors, 0 left on base; Philadelphia 2 - Cincinnati 1
BOTTOM OF THE 9TH
Cincinnati Reds batting - Pitching for Philadelphia Phillies : LHP Lawrence Burgess
Now at 1B: Ivan de Jesus
Batting: LHB Darrell Evans 0-0: Called Strike
0-1: Ball
1-1: Swinging Strike
1-2: Ball
2-2: Ball
3-2: Strikes out swinging
Batting: RHB Johnny Bench 0-0: Foul Ball, location: 2F
0-1: Called Strike
0-2: Strikes out looking
Batting: RHB John Damon 0-0: Called Strike
0-1: Ball
1-1: Ball
2-1: Ball
3-1: Base on Balls
Batting: RHB Jesus Alfaro 0-0: Ball
1-0: Called Strike
1-1: Ball
2-1: Foul Ball, location: 2F
2-2: Ball
3-2: Foul Ball, location: 2F
3-2: Foul Ball, location: 2F
3-2: Foul Ball, location: 2F
3-2: Strikes out swinging, 2-3 out at first.
Bottom of the 9th over - 0 runs, 0 hits, 0 errors, 1 left on base; Philadelphia 2 - Cincinnati 1
Wednesday, August 26th, 2020 - OOTP Baseball 21.5 Build 76